cohdb
Replays
Latest Replays
All Replays
Popular Replays
Top Player Replays
Match Explorer
How It Works
Community
CoH3 Stats
Reddit
Sign in to upload your games and track your stats! →
Sign in with Steam
Match 42256043
Unlisted
Match 42256043
Overview
Messages
Build Orders
End
Construct Infanterie Kompanie
Selects Terror Battlegroup
Selects Machine Gun Camouflage
Grenadier Squad
MG 42 Machine Gun Team
Grenadier Squad
Grenadier Squad
Construct Panzergrenadier Kompanie
251 Medium Carrier
Pak 40 Anti-tank Gun Team
Construct Panzer Kompanie
Selects Contempt for the Weak
Panzer IV Medium Tank
Grenadier Squad
Pak 40 Anti-tank Gun Team
Panzer IV Medium Tank
Grenadier Squad
Panzergrenadier Squad
Grenadier Squad
Pioneer Squad
Selects Propaganda Leaflet Drop
Panzergrenadier Squad
Panzer IV Medium Tank
Selects V1 Rocket Strike
Perry the Blyatipus
Faraam
[GG]Onkel Stonkel
[GG]Quiq
0
0
Comments
sign in to comment!
No comments posted yet!